 Dungeon Crawl Stone Soup version 0.31-a0-358-gac0dbeb3ab (webtiles) character file.

Game seed: 3009442959732033603

35343 randomguy2701 the Severer (level 13, 0/117 HPs)
             Began as a Minotaur Fighter on July 26, 2023.
             Was a Priest of Qazlal.
             Slain by a komodo dragon (10 damage)
             ... on level 5 of the Lair of Beasts.
             The game lasted 00:38:27 (15497 turns).

randomguy2701 the Severer (Minotaur Fighter)       Turns: 15497, Time: 00:38:28

Health: 0/117      AC: 24    Str: 30    XL:     13   Next: 47%
Magic:  24/26      EV: 12    Int:  5    God:    Qazlal [***...]
Gold:   907        SH: 11    Dex: 14    Spells: 12/12 levels left

rFire   . . .        a - +0 war axe
rCold   x . .        c - +0 buckler
rNeg    . . .        U - +0 crystal plate armour
rPois   .            (helmet restricted)
rElec   .            (no cloak)
rCorr   .            g - +2 pair of gloves
SInv    +            q - +1 pair of boots
Will    .....        V - amulet of Gegy {Rampage rC- Regen+ MP+9 Str+8} Stlth
                     I - ring of see invisible
HPRegen 1.19/turn    K - +5 ring of evasion
MPRegen 0.20/turn

%: rampage
@: mighty, about to teleport, corroded
A: horns 2, retaliatory headbutt
a: Renounce Religion, Upheaval, Elemental Force


You were on level 5 of the Lair of Beasts.
You worshipped Qazlal.
Qazlal was most pleased with you.
You visited 3 branches of the dungeon, and saw 17 of its levels.

You collected 938 gold pieces.
You spent 31 gold pieces at shops.

Inventory:

Hand Weapons
 a - a +0 war axe (weapon)
Missiles
 x - 2 throwing nets
Armour
 c - a +0 buckler (worn)
 g - a +2 pair of gloves (worn)
 q - a +1 pair of boots (worn)
 u - an orb of wrath
 z - a +0 plate armour
 U - a +0 crystal plate armour (worn)
Jewellery
 e - a ring of fire
 k - an amulet of faith
 A - a ring of protection from cold
 G - a ring of protection from cold
 I - a ring of see invisible (left hand)
 K - a +5 ring of evasion (right hand)
 N - a ring of poison resistance
 P - a ring of protection from fire
 R - an amulet of magic regeneration
 T - a +4 ring of protection
 V - the amulet of Gegy (around neck) {Rampage rC- Regen+ MP+9 Str+8}
   (You found it on level 4 of the Lair of Beasts)

   [amulet of regeneration]

   Str:       It affects your strength (+8).
   rC:        It makes you vulnerable to cold.
   MP:        It affects your magic capacity (+9).
   Regen:     It increases your rate of health regeneration.
   Rampage:   It bestows one free step when moving towards enemies.
Wands
 n - a wand of polymorph (9)
 y - a wand of iceblast (18)
 B - a wand of light (22)
 J - a wand of mindburst (17)
 O - a wand of flame (8)
Scrolls
 b - a scroll of fog {unknown}
 i - 5 scrolls of teleportation
 o - 2 scrolls of blinking {unknown}
 p - 2 scrolls of summoning {unknown}
 r - 4 scrolls of vulnerability
 s - 5 scrolls of enchant weapon {unknown}
 t - 2 scrolls of enchant armour {unknown}
 w - 2 scrolls of amnesia {unknown}
 D - 3 scrolls of noise {unknown}
 E - 2 scrolls of torment {unknown}
 F - a scroll of brand weapon {unknown}
 H - 5 scrolls of fear
 S - a scroll of identify
Potions
 d - 5 potions of might
 f - 5 potions of enlightenment
 h - 2 potions of mutation
 j - 5 potions of resistance
 l - 4 potions of curing
 m - 4 potions of heal wounds
 v - 2 potions of attraction
 C - 5 potions of haste
 L - 3 potions of magic
 M - a potion of lignification
 Q - a potion of brilliance {unknown}


   Skills:
 + Level 11.9 Fighting
 + Level 16.6 Axes
 + Level 13.3 Armour
 + Level 3.1 Dodging
 + Level 11.6 Shields
 + Level 7.4 Invocations


You had 12 spell levels left.
You didn't know any spells.
Your spell library contained the following spells:

 Spells                   Type           Power      Damage    Failure   Level
 Freeze                   Ice            0%         1d3       100%        1
 Magic Dart               Conj           0%         1d3       100%        1
 Shock                    Conj/Air       0%         1d3       100%        1
 Call Imp                 Summ           0%         N/A       100%        2
 Cigotuvi's Dreadful Rot  Necr/Pois/Air  0%         N/A       100%        2
 Sublimation of Blood     Necr           0%         N/A       100%        2
 Frozen Ramparts          Ice            0%         1d1       100%        3
 Hailstorm                Conj/Ice       0%         3d3       100%        3
 Mephitic Cloud           Conj/Pois/Air  0%         N/A       100%        3
 Swiftness                Air            0%         N/A       100%        3
 Volatile Blastmotes      Fire/Tloc      0%         2d10      100%        3
 Airstrike                Air            0%         2d(0-16)  100%        4
 Animate Armour           Summ/Erth      0%         N/A       100%        4
 Dispel Undead            Necr           0%         3d6       100%        4
 Fulminant Prism          Conj/Hex       0%         3d5       100%        4
 Iskenderun's Mystic Bla  Conj/Tloc      0%         2d3       100%        4
 Petrify                  Tmut/Erth      0%         N/A       100%        4
 Summon Lightning Spire   Summ/Air       0%         N/A       100%        4
 Irradiate                Conj/Tmut      0%         3d11      100%        5
 Lee's Rapid Deconstruct  Erth           0%         3d4*      100%        5
 Death Channel            Necr           0%         N/A       100%        6


Dungeon Overview and Level Annotations

Branches:
Dungeon (11/15)            Temple (0/1) D:4            Lair (5/5) D:11
 Shoals (0/4) Lair:2        Snake (0/4) Lair:2          Orc (1/2) D:9
  Slime: Lair:4-5

Altars:
Ashenzari
Dithmenos
Elyvilon
Fedhas
Hepliaklqana
Nemelex Xobeh
Qazlal
Ru
Trog
Uskayaw
Wu Jian
Xom
Zin
The Shining One

Shops:
D:5 *   D:9 =

Portals:
Ossuary: D:5

Annotations:
D:2 1 runed translucent door, Crazy Yiuf


Innate Abilities, Weirdness & Mutations

You have a pair of horns on your head.
You reflexively headbutt those who attack you in melee.


Message History

You slash the cane toad!
You kill the cane toad!
Qazlal accepts your kill.
You barely miss the cane toad. You hit the komodo dragon.
You hit the blink frog.
You feel sick. The goliath frog hits you from afar!
* * * LOW HITPOINT WARNING * * *
You are splashed with acid!
* * * LOW HITPOINT WARNING * * *
The blink frog blinks!
The cane toad closely misses you.
You feel much better.
You feel sick.
A bullfrog comes into view.
The komodo dragon bites you!
* * * LOW HITPOINT WARNING * * *
You block the goliath frog's attack. You block the cane toad's attack.
You rampage towards the blink frog!
You feel sick. You block the blink frog's attack. x2
You hit the blink frog. You headbutt the blink frog!
The blink frog is heavily wounded.
The blink frog blinks!
The komodo dragon attacks as you move away!
The komodo dragon misses you. You furiously retaliate!
You headbutt the komodo dragon! The cane toad attacks as you move away!
The cane toad stings you but does no damage.
You feel sick.
A goliath frog comes into view.
As you read the scroll of teleportation, it crumbles to dust.
You feel strangely unstable.
You feel sick.
The blink frog blinks!
The cane toad stings you.
* * * LOW HITPOINT WARNING * * *
You are more poisoned.
The cane toad poisons you! You block the komodo dragon's attack.
The goliath frog hits you from afar.
* * * LOW HITPOINT WARNING * * *
You are splashed with acid!
* * * LOW HITPOINT WARNING * * *
Unknown command.
You feel better. The cane toad stings you.
* * * LOW HITPOINT WARNING * * *
You block the goliath frog's attack. The komodo dragon bites you!
You die...

##............~~~#~
.............P..≈~~~
..............~~~~~~ ....
....§........F~.~~~~ .....
.............F.....~~~ ....◎
..............††...~≈~ #...#
#....##....wF..†...≈~~
#..###.P...#....FF....~..~~
##....#.#.###†.○@l......~.~~
#...PP#...##...†.F.........~
#.....P...#..............~.~
.#..+......##...........P..~
.#..P##....#P..............P
#...P##..........~≈~.~.:..~~
##..####....#..≈~~≈≈~≈...##
##....###.P#...≈≈≈≈≈≈≈~....
#....#.##P.#..~≈≈≈≈≈≈≈≈~...


You could see a tyrant leech, a komodo dragon, 2 goliath frogs, a cane toad, 2
blink frogs and a bullfrog.

Vanquished Creatures
  Erolcha (D:9)
  A hydra (Lair:4)
  4 two-headed ogres
  A boulder beetle (Lair:1)
  A skyshark (Lair:2)
  2 cyclopes
  A manticore (D:11)
  3 elephants (Lair:3)
  6 black mambas
  A torpor snail (Lair:3)
  An orange demon (D:9)
  Psyche (D:8)
  12 cane toads
  An unseen horror (D:11)
  2 rime drakes
  3 komodo dragons
  A kobold demonologist (D:9)
  2 ice devils (D:11)
  4 trolls
  5 blink frogs
  Prince Ribbit (D:9)
  A vampire (D:10)
  21 yaks
  Sigmund (D:2)
  8 wyverns
  Grum (D:8)
  A basilisk (Lair:1)
  8 vampire mosquitoes
  2 steam dragons
  3 nagas (Lair:2)
  3 wargs (D:11)
  2 acid dragons
  Menkaure (D:5)
  10 water moccasins
  5 orc warriors
  3 sky beasts
  An ice beast (D:7)
  3 black bears
  16 wolves
  2 ogres
  5 centaurs
  2 kobold brigands
  A gnoll sergeant (D:9)
  15 bullfrogs
  5 scorpions
  4 howler monkeys
  An electric eel (Lair:5)
  3 vampire bats (Lair:4)
  A jelly (D:4)
  4 hounds
  10 orc priests
  3 sleepcaps
  Jessica (D:2)
  A gnoll bouda (D:5)
  4 iguanas
  11 orc wizards
  5 hell rats (Lair:4)
  23 gnolls
  5 adders
  A shadow imp (D:6)
  4 white imps
  2 ufetubi
  3 dart slugs
  33 orcs
  8 ball pythons
  6 endoplasms
  5 giant cockroaches
  4 hobgoblins
  4 jackals (D:1)
  3 quokkas
  10 bats
  A frilled lizard (D:1)
  2 goblins
  8 kobolds
  3 rats
  A spectral orc (D:3)
348 creatures vanquished.

Vanquished Creatures (collateral kills)
  Fannar (Lair:2)
  Amaemon (D:9)
  Sonja (Lair:2)
  2 elephants (Lair:3)
  3 blink frogs (Lair:3)
  3 yaks (Lair:3)
  A steam dragon (Lair:2)
  A basilisk (Lair:3)
  A water moccasin (Lair:3)
  A black bear (Lair:2)
  A bullfrog (Lair:3)
16 creatures vanquished.

Vanquished Creatures (others)
  An adder (D:6)
1 creature vanquished.

Grand Total: 365 creatures vanquished

Notes
Turn   | Place    | Note
-------+----------+-------------------------------------------
     0 | D:1      | randomguy2701 the Minotaur Fighter began the quest for the
                  | Orb.
     0 | D:1      | Reached XP level 1. HP: 19/19 MP: 0/0
   257 | D:1      | Reached XP level 2. HP: 27/27 MP: 1/1
   590 | D:2      | Found a sparkling altar of Nemelex Xobeh.
   648 | D:2      | Noticed Jessica
   653 | D:2      | Killed Jessica
   654 | D:2      | Reached skill level 3 in Axes
   654 | D:2      | Reached XP level 3. HP: 28/33 MP: 2/2
   858 | D:2      | Noticed Sigmund
   869 | D:2      | Killed Sigmund
   870 | D:2      | Reached skill level 4 in Axes
   870 | D:2      | Reached skill level 1 in Dodging
   870 | D:2      | Reached XP level 4. HP: 18/41 MP: 3/3
   870 | D:2      | Reached XP level 5. HP: 20/47 MP: 4/4
  1000 | D:2      | Reached skill level 5 in Axes
  1114 | D:2      | Found a runed translucent door.
  1115 | D:2      | Noticed Crazy Yiuf
  1259 | D:3      | Found a faded altar of an unknown god.
  1284 | D:3      | Reached XP level 6. HP: 53/53 MP: 5/5
  1286 | D:3      | Reached skill level 5 in Armour
  1400 | D:3      | Found a stormy altar of Qazlal.
  1578 | D:3      | Found a hazy altar of Hepliaklqana.
  2043 | D:3      | Became a worshipper of Qazlal Stormbringer
  2094 | D:3      | Reached skill level 6 in Axes
  2221 | D:4      | Found a staircase to the Ecumenical Temple.
  2246 | D:4      | Reached skill level 5 in Fighting
  2246 | D:4      | Reached XP level 7. HP: 50/61 MP: 6/6
  2298 | D:4      | Found a shimmering altar of Xom.
  2525 | D:4      | Reached * piety under Qazlal
  2636 | D:4      | Reached skill level 7 in Axes
  2800 | D:5      | Entered Level 5 of the Dungeon
  2874 | D:5      | Identified the +3 robe of Pride {rF+ Dex+3}
  2892 | D:5      | Reached XP level 8. HP: 39/70 MP: 7/7
  2898 | D:5      | Reached ** piety under Qazlal
  3038 | D:5      | Reached skill level 8 in Axes
  3038 | D:5      | Reached skill level 5 in Shields
  3129 | D:5      | Found a sand-covered staircase.
  3345 | D:5      | Found Deijor's Assorted Antiques.
  3347 | D:5      | Noticed Menkaure
  3353 | D:5      | Killed Menkaure
  3390 | D:5      | Bought a scroll labelled CELADO BOITEJ for 31 gold pieces
  3595 | D:6      | Found an ornate altar of the Wu Jian Council.
  3756 | D:6      | Reached skill level 9 in Axes
  3932 | D:6      | Found a white marble altar of Elyvilon.
  3967 | D:6      | Found a glowing silver altar of Zin.
  3969 | D:6      | Found a hide-covered altar of Uskayaw.
  4363 | D:6      | Reached skill level 10 in Axes
  4363 | D:6      | Reached XP level 9. HP: 65/78 MP: 8/8
  4416 | D:6      | Found a sacrificial altar of Ru.
  4925 | D:7      | Found a shadowy altar of Dithmenos.
  5035 | D:7      | Reached *** piety under Qazlal
  5162 | D:7      | Reached skill level 11 in Axes
  5529 | D:7      | Found a glowing golden altar of the Shining One.
  5761 | D:8      | Noticed Psyche
  5770 | D:8      | Killed Psyche
  5771 | D:8      | Reached skill level 12 in Axes
  5803 | D:8      | Noticed a two-headed ogre
  5810 | D:8      | Killed a two-headed ogre
  5811 | D:8      | Reached XP level 10. HP: 33/88 MP: 9/9
  6141 | D:8      | Noticed Grum
  6158 | D:8      | Killed Grum
  6387 | D:9      | Noticed Prince Ribbit
  6392 | D:9      | Killed Prince Ribbit
  6393 | D:9      | Reached skill level 13 in Axes
  6510 | D:9      | Reached **** piety under Qazlal
  6518 | D:9      | Noticed an orange demon
  6522 | D:9      | Noticed Amaemon
  6526 | D:9      | Killed Amaemon
  6527 | D:9      | Reached skill level 1 in Invocations
  6531 | D:9      | Killed an orange demon
  6581 | D:9      | Noticed Erolcha
  6591 | D:9      | Killed Erolcha
  6656 | D:9      | Noticed a two-headed ogre
  6704 | D:9      | Killed a two-headed ogre
  6834 | D:9      | Found Afigow's Jewellery Emporium.
  6848 | D:9      | Reached skill level 14 in Axes
  6848 | D:9      | Reached XP level 11. HP: 55/95 MP: 12/12
  7090 | D:9      | Found a blossoming altar of Fedhas.
  7099 | D:9      | Found a staircase to the Orcish Mines.
  7232 | D:9      | Reached skill level 10 in Armour
  7660 | D:10     | Entered Level 10 of the Dungeon
  8050 | D:10     | Found a broken altar of Ashenzari.
  8204 | D:10     | Found a bloodstained altar of Trog.
  9334 | D:11     | Reached ***** piety under Qazlal
  9364 | D:11     | Found a staircase to the Lair.
  9400 | D:11     | Noticed a two-headed ogre
  9402 | D:11     | Reached skill level 15 in Axes
  9431 | D:11     | Killed a two-headed ogre
  9685 | D:11     | Reached skill level 5 in Invocations
  9777 | D:11     | Noticed a two-headed ogre
  9792 | D:11     | Killed a two-headed ogre
 10409 | Orc:1    | Entered Level 1 of the Orcish Mines
 10409 | Orc:1    | Noticed an orc sorcerer
 10409 | Orc:1    | Noticed a two-headed ogre
 10514 | Lair:1   | Entered Level 1 of the Lair of Beasts
 10633 | Lair:1   | Reached XP level 12. HP: 87/106 MP: 14/14
 10819 | Lair:1   | Noticed a boulder beetle
 10831 | Lair:1   | Killed a boulder beetle
 10832 | Lair:1   | Reached skill level 10 in Fighting
 11662 | Lair:2   | Noticed Fannar
 11679 | Lair:2   | Killed Fannar
 11756 | Lair:2   | Noticed Sonja
 11769 | Lair:2   | Killed Sonja
 12094 | Lair:2   | Reached skill level 10 in Shields
 12206 | Lair:2   | Found a staircase to the Shoals.
 12219 | Lair:2   | Reached skill level 16 in Axes
 12576 | Lair:2   | Found a staircase to the Snake Pit.
 13224 | Lair:3   | Reached XP level 13. HP: 33/116 MP: 5/17
 13549 | Lair:3   | Found a glowing golden altar of the Shining One.
 13645 | Lair:3   | Identified the +0 chain mail "Iruley" {rCorr Str+2 Slay+4
                  | Stlth-}
 14340 | Lair:4   | Identified the amulet of Gegy {Rampage rC- Regen+ MP+9
                  | Str+8}
 15328 | Lair:5   | Entered Level 5 of the Lair of Beasts
 15491 | Lair:5   | HP: 5/117 [acid (11)]
 15497 | Lair:5   | Slain by a komodo dragon

Illustrated notes

Levels and vault maps discovered:
D:1:      psy_arrival_fountain, layout_basic, grunt_decor_junction, minivault_5
D:2:      layout_rooms, basic_altar, uniq_sigmund, uniq_crazy_yiuf_cottage,
          uniq_jessica
D:3:      layout_loops_ring, nicolae_qazlal_scattered_showers,
          nicolae_hepliaklqana_monster_ancestors, shapermc_ecumenical_altar_gd,
          grunt_ministairs_1
D:4:      layout_rooms, kennysheep_mini, temple_statues
D:5:      layout_rooms, nicolae_ossuary_entry_monument, serial_shops, shop,
          uniq_menkaure
D:6:      layout_basic, elyvilon_altar_5, lemuel_coloured_pillars_altar,
          kennysheep_little_box, chequers_temple_overflow_statue_of_worship
D:7:      layout_loops_corners, mainiacjoe_overflow_chevrons,
          lemuel_round_altar, minmay_increasing_density
D:8:      layout_rooms, uniq_psyche, uniq_grum
D:9:      layout_stronghold, mainiacjoe_overflow_six_doors_small, orc_0_dummy,
          serial_shops, shop_fountains, hex_medium, uniq_amaemon,
          uniq_prince_ribbit1, uniq_erolcha
D:10:     layout_grid_maze, mainiacjoe_overflow_catwalk_spiral
D:11:     layout_small_grid, erik_lair_orcish_takeover,
          portal_ice_cave_demonic_guard, hangedman_decor_riveting
Lair:1:   layout_loops_ring, serial_rivers, chequers_serial_rivers_marsh,
          chequers_serial_rivers_large_a, chequers_serial_rivers_micro_d,
          chequers_serial_rivers_micro_b, chequers_serial_rivers_micro_e
Lair:2:   layout_long_grid, shoals_dummy_entry, nicolae_snake_entry_squirm,
          serial_bayou_crossing, lemuel_fruit_tree, uniq_fannar, uniq_sonja
Lair:3:   layout_misc_corridors, basic_altar, grunt_megastairs_5
Lair:4:   layout_cave_shapes, roderic_batcave
Lair:5:   minmay_lair_end_frog_pond, layout_regular_city, slime_entry_1,
          kennysheep_rathole, serial_bayou_shore_a, serial_bayou_shore_b,
          infiniplex_staircase_pool
Orc:1:    layout_caves, basic_altar

Skill      XL: |  1  2  3  4  5  6  7  8  9 10 11 12 13 |
---------------+----------------------------------------+-----
Fighting       | 4 5 6 7 8 9 11 | 11.9
Shields        | 4 5 6 7 9 10 11 | 11.6
Axes           | 3 4 5 6 7 10 12 14 15 16 | 16.6
Armour         | 4 6 7 8 9 11 12 13 | 13.3
Dodging        | 1 2 3 |  3.1
Invocations    | 3 5 7 |  7.4

Action                     |  1- 3 |  4- 6 |  7- 9 | 10-12 | 13-15 || total
---------------------------+-------+-------+-------+-------+-------++-------
  Melee: War axe           |    55 |    43 |   299 |   513 |   154 ||  1064
         Headbutt          |     4 |    10 |    52 |   129 |    33 ||   228
 Invoke: Elemental Force   |       |       |       |     7 |     1 ||     8
         Upheaval          |       |       |       |       |     1 ||     1
  Evoke: Wand              |       |       |       |       |     1 ||     1
    Use: Scroll            |       |       |     5 |     7 |     1 ||    13
         Potion            |       |       |       |     1 |     5 ||     6
   Stab: Paralysed         |       |       |       |     3 |       ||     3
         Distracted        |       |       |       |     2 |       ||     2
 Armour: Scale mail        |    25 |    11 |       |       |       ||    36
         Chain mail        |       |     4 |    53 |       |       ||    57
         Plate armour      |       |       |   119 |   247 |    14 ||   380
         Crystal plate arm |       |       |       |       |   127 ||   127
  Dodge: Dodged            |    31 |    21 |    66 |   178 |   110 ||   406
         Repelled          |       |       |       |     3 |       ||     3
  Block: Buckler           |    15 |     9 |   102 |   303 |   154 ||   583

Table legend: (Time is in decaauts)
 A = Elapsed time spent in this place.
 B = Non-inter-level travel time spent in this place.
 C = Inter-level travel time spent in this place.
 D = Time resting spent in this place.
 E = Time spent auto-exploring this place.
 F = Levels seen in this place.
 G = Mean time per level.
                   A        B        C        D        E       F      G
               +--------+--------+--------+--------+--------+-----+--------+
         Total |  15442 |  14458 |    984 |    387 |  11687 |  17 |  908.4 |
       Dungeon |  10506 |   9839 |    667 |    279 |   7898 |  11 |  955.1 |
          Lair |   4933 |   4616 |    317 |    108 |   3789 |   5 |  986.6 |
  Orcish Mines |      1 |      1 |      0 |      0 |      0 |   1 |    1.0 |
               +--------+--------+--------+--------+--------+-----+--------+

Top non-repeatable levels by time:
     D:9: 1586 daAuts
  Lair:2: 1498 daAuts
  Lair:4: 1312 daAuts
     D:7: 1307 daAuts
    D:11: 1252 daAuts
    D:10: 1223 daAuts
  Lair:1: 1134 daAuts
     D:3: 1001 daAuts
     D:6: 934 daAuts
  Lair:3: 882 daAuts
     D:5: 722 daAuts
     D:8: 638 daAuts
     D:4: 638 daAuts
     D:2: 601 daAuts
     D:1: 600 daAuts
